AoeStats
← tbzachary

Nomad

503448465Analyzed
2v2 RM · 1mo ago on Aug 31, 2026· 64m 14s· 4 players
Game mode
Random Map
Map size
176×176
Population
200
Speed
Normal
Resources
Standard
Victory
Conquest
Starting age
Dark Age
Ending age
Imperial Age
RankedLock teamsTeams togetherTeam positionsShared explorationLock speedFull tech treeHidden civsTurbo modeCheats
Victory
Defeat
🇺🇸 Bengalis · United States
758
+18
🇻🇳 Dravidians · Vietnam
754
+18
820
-19
🇨🇴 Byzantines · Colombia
762
-16
tbzachary
4:11 Loom
15:00 Feudal Age
16:43 Horse Collar
17:14 Fishing Lines
20:33 Castle Age
19:34 Double-Bit Axe
20:34 Padded Archer Armor
20:43 Scale Barding Armor
20:49 Forging
21:59 Chain Barding Armor
22:15 Husbandry
22:28 Bloodlines
23:33 Gillnets
25:32 Gold Mining
26:53 Fletching
27:04 Padded Archer Armor
28:51 Wheelbarrow
28:30 Paiks
29:16 Bow Saw
30:58 Heavy Plow
31:42 Iron Casting
31:03 Bodkin Arrow
31:24 Leather Archer Armor
33:59 Hand Cart
37:27 Imperial Age
36:10 Gold Shaft Mining
35:26 Stone Mining
36:22 Ballistics
37:34 Elite Battle Elephant
40:57 Medium Warships
40:54 Elite Ratha (Ranged)
44:16 Chemistry
43:22 Siege Engineers
44:25 Plate Barding Armor
43:54 Bracer
48:22 Siege Elephant
53:23 Plate Barding Armor
53:49 Blast Furnace
Wassss
6:19 Loom
14:43 Feudal Age
16:04 Wheelbarrow
15:16 Double-Bit Axe
15:35 Fishing Lines
15:41 Fishing Lines
16:20 Gold Mining
23:45 Stone Mining
26:57 Castle Age
25:02 Scale Mail Armor
25:13 Forging
28:14 Hand Cart
28:54 Bow Saw
29:03 Chain Mail Armor
29:24 Iron Casting
29:06 Caravan
30:04 Town Watch
33:54 Gillnets
37:15 Medium Warships
40:31 Imperial Age
39:59 Ballistics
39:45 Padded Archer Armor
39:36 Fletching
41:48 Plate Mail Armor
42:19 Blast Furnace
42:38 Conscription
51:55 Elite Urumi Swordsman
54:22 Wootz Steel
57:59 Leather Archer Armor
57:40 Bodkin Arrow
luisrodriguezalfonzo
7:51 Loom
14:45 Feudal Age
15:49 Arson
15:56 Arson
17:55 Scale Mail Armor
22:10 Forging
29:30 Castle Age
27:20 Double-Bit Axe
31:32 Bow Saw
36:23 Imperial Age
36:28 Horse Collar
38:11 Iron Casting
37:41 Scale Barding Armor
39:56 Fishing Lines
40:45 Gillnets
41:39 Chain Barding Armor
43:44 Blast Furnace
43:21 Plate Barding Armor
46:54 Wheelbarrow
48:47 Hand Cart
49:51 Gold Mining
49:49 Heavy Scorpion
55:15 Chemistry
54:37 Ballistics
56:37 Masonry
rikrdogonzalezh
4:54 Loom
14:47 Feudal Age
16:16 Double-Bit Axe
19:15 Wheelbarrow
21:20 Gold Mining
21:48 Forging
21:44 Scale Barding Armor
21:40 Scale Mail Armor
26:01 Castle Age
23:54 Stone Mining
24:09 Horse Collar
29:52 Medium Warships
29:20 Pikeman
30:00 Squires
30:30 Heavy Plow
35:47 Imperial Age
35:47 Hand Cart
38:41 Conscription
40:57 Heavy Warships
41:53 Iron Casting
44:01 Halberdier
48:42 Chain Mail Armor
50:12 Chemistry
50:04 Gold Shaft Mining
49:44 Husbandry
51:20 Logistica
51:51 Hoardings
52:56 Murder Holes
53:12 Fortified Wall
59:40 Stone Shaft Mining
Connection lost

Rejoining the realm…

Still unreachable

The connection could not be restored.

Session expired

The server has moved on; the page needs a fresh start.